AoeStats
← VeerKnight

Arena

510686442Analyzed
1v1 RM · 16h ago on Oct 2, 2026· 55m 31s· 2 players
Game mode
Random Map
Map size
Tiny (2 player)
Population
200
Speed
Normal
Resources
Standard
Victory
Conquest
Starting age
Dark Age
Ending age
Imperial Age
RankedLock teamsTeams togetherTeam positionsShared explorationLock speedFull tech treeHidden civsTurbo modeCheats
Victory
Defeat
🇮🇳 Spanish · India
669
+17
🇺🇸 Franks · United States
688
-39
VeerKnight
10:42 Feudal Age
11:40 Double-Bit Axe
18:23 Castle Age
16:14 Horse Collar
18:12 Gold Mining
20:28 Bow Saw
20:21 Heavy Plow
30:47 Imperial Age
28:55 Murder Holes
29:21 Ballistics
28:32 Pikeman
29:13 Squires
28:59 Arson
29:27 Forging
29:18 Scale Mail Armor
31:42 Chain Mail Armor
32:59 Wheelbarrow
34:18 Chemistry
35:00 Two-Man Saw
35:04 Iron Casting
35:02 Plate Mail Armor
37:09 Blast Furnace
36:40 Halberdier
41:58 Town Watch
46:50 Scale Barding Armor
48:42 Bloodlines
48:32 Husbandry
47:53 Light Cavalry
49:00 Cavalier
50:46 Chain Barding Armor
50:35 Paladin
Walkdog38
0:30 Loom
11:33 Feudal Age
12:51 Double-Bit Axe
17:41 Gold Mining
22:15 Castle Age
21:10 Stone Mining
23:22 Wheelbarrow
23:01 Scale Barding Armor
23:00 Husbandry
25:46 Town Watch
27:13 Gold Shaft Mining
29:16 Hand Cart
30:02 Town Patrol
30:18 Treadmill Crane
34:04 Imperial Age
33:25 Chain Barding Armor
32:59 Crossbowman
34:16 Murder Holes
36:04 Chemistry
34:37 Cavalier
35:32 Bow Saw
39:35 Cranequins
40:30 Paladin
41:50 Plate Barding Armor
41:25 Forging
41:16 Scale Mail Armor
41:32 Cranequins
43:06 Padded Archer Armor
42:56 Fletching
44:45 Fervor
44:56 Sanctity
46:41 Fortified Wall
46:51 Pikeman
47:17 Gambesons
47:32 Squires
47:18 Arson
51:03 Halberdier
53:00 Elite Skirmisher
53:12 Heavy Scorpion
Connection lost

Rejoining the realm…

Still unreachable

The connection could not be restored.

Session expired

The server has moved on; the page needs a fresh start.